 Dungeon Crawl Stone Soup version 0.29.1-1-gd02db6906a (webtiles) character file.

Game seed: 13136046232320817124

420 GigaChad the Fighter (level 7, 0/49 HPs)
             Began as a Kobold Berserker on Oct 5, 2022.
             Was a Priest of Trog.
             Slain by Crazy Yiuf
             ... wielding a +2 quarterstaff of chaos
              (3 damage)
             ... on level 3 of the Dungeon.
             The game lasted 00:07:40 (5353 turns).

GigaChad the Fighter (Kobold Berserker)             Turns: 5353, Time: 00:07:40

Health: 0/49       AC: 12    Str: 17    XL:     7   Next: 16%
Magic:  7/7        EV: 14    Int: 14    God:    Trog [***...]
Gold:   168        SH:  0    Dex: 14    Spells: 6/6 levels left

rFire   + . .      SeeInvis .   d - +0 long sword
rCold   x . .      Faith    .   (no shield)
rNeg    . . .      Spirit   .   r - +2 chain mail {rPois}
rPois   +          Reflect  .   (no helmet)
rElec   .          Harm     .   (no cloak)
rCorr   .          Rampage  .   (no gloves)
Will    .....                   p - +1 pair of boots
Stlth   ..........              (no amulet)
HPRegen 0.16/turn               e - +6 ring of intelligence
MPRegen 0.10/turn               i - ring of fire

@: agile
A: small, no large weapons, nightstalker 3
a: Renounce Religion, Berserk, Trog's Hand


You were on level 3 of the Dungeon.
You worshipped Trog.
Trog was most pleased with you.
You visited 1 branch of the dungeon, and saw 3 of its levels.

You collected 168 gold pieces.

Inventory:

Hand Weapons
 a - a +0 falchion
 d - a +0 long sword (weapon)
 m - a +0 scythe
 s - a +2 flail of holy wrath
Armour
 b - a +0 animal skin
 g - a +1 ring mail
 l - a +0 scale mail
 p - a +1 pair of boots (worn)
 r - a +2 chain mail of poison resistance (worn)
Jewellery
 e - a +6 ring of intelligence (left hand)
 i - a ring of fire (right hand)
Wands
 n - a wand of light (8)
Scrolls
 c - 4 scrolls of teleportation
 o - 2 scrolls of enchant weapon {unknown}
 q - a scroll of identify
Potions
 f - a potion of flight {unknown}
 h - 2 potions of cancellation {unknown}
 j - 2 potions of might {unknown}
 k - 2 potions of curing {unknown}


   Skills:
 + Level 8.1 Fighting
 - Level 2.5 Long Blades
 - Level 1.6 Armour
 - Level 2.6 Dodging


You had 6 spell levels left.
You didn't know any spells.
Your spell library was empty.

Dungeon Overview and Level Annotations

Branches:
Dungeon (3/15)

Altars:
Ashenzari
Uskayaw

Annotations:
D:3 Crazy Yiuf


Innate Abilities, Weirdness & Mutations

You are small and have problems with some larger weapons.
You are completely attuned to the shadows.


Message History

You start waiting.
Done waiting.
You start waiting.
Done waiting.
Things that are here:
a +0 club; a +0 robe; the human skeleton of Jessica You see here a +0 hammer.
Found three hammers.
Found a runed translucent door.
You see here a +0 hammer.
Found two hammers.
You see here a +0 hammer.
Found two hammers.
You see here a +0 hammer.
Found four hammers.
Crazy Yiuf shouts!
You see here a +0 hammer.
You open the door.
Crazy Yiuf laughs, "Proton!
Walk high shoe."
Crazy Yiuf closely misses you.
There is an open translucent door here.
You hit Crazy Yiuf.
Crazy Yiuf is lightly wounded.
Crazy Yiuf barely misses you.
Crazy Yiuf hits you with a +2 quarterstaff of chaos.
You feel agile all of a sudden.
You hit Crazy Yiuf.
Crazy Yiuf is heavily wounded.
Crazy Yiuf yells, "Powder broken chair!"
Crazy Yiuf hits you with a +2 quarterstaff of chaos!
You are electrocuted!!
* * * LOW HITPOINT WARNING * * *
You hit Crazy Yiuf but do no damage.
Crazy Yiuf is heavily wounded.
Crazy Yiuf hits you but does no damage.
You barely miss Crazy Yiuf.
Crazy Yiuf is heavily wounded.
Crazy Yiuf hits you with a +2 quarterstaff of chaos!
* * * LOW HITPOINT WARNING * * *
Crazy Yiuf burns you.
You die...

#.# ##.##
#..## #.#
#.# #†.##
### #.#
#..## #.#
#.... #####
#.####..##
#).)#
#..)).....
#)))#
###.####..##
#)g)# #...#
#..# #@#
##### #..#
♣♣)♣ #..#
♣)♣♣ ♣♣)♣
♣)♣♣ ♣♣)♣♣
♣)).♣♣
♣....♣
#....#


You could see Crazy Yiuf.

Vanquished Creatures
  Sigmund (D:2)
  Jessica (D:3)
  Natasha (thrice) (D:3)
  Terence (D:2)
  Robin (D:3)
  3 adders
  3 worms (D:2)
  A dart slug (D:2)
  4 orcs (D:3)
  3 ball pythons
  6 endoplasms
  5 giant cockroaches
  15 goblins
  9 hobgoblins
  7 jackals
  7 kobolds
  3 quokkas
  3 bats
  3 frilled lizards
  4 rats
83 creatures vanquished.

Notes
Turn   | Place    | Note
-------+----------+-------------------------------------------
     0 | D:1      | GigaChad the Kobold Berserker began the quest for the Orb.
     0 | D:1      | Reached XP level 1. HP: 14/14 MP: 1/1
   368 | D:1      | Reached XP level 2. HP: 19/19 MP: 2/2
   461 | D:1      | Found a faded altar of an unknown god.
  1016 | D:1      | Reached skill level 4 in Fighting
  1022 | D:1      | Reached XP level 3. HP: 21/24 MP: 3/3
  1497 | D:2      | Reached ** piety under Trog
  1775 | D:2      | Reached XP level 4. HP: 26/30 MP: 4/4
  1992 | D:2      | Reached skill level 5 in Fighting
  2402 | D:2      | Noticed Terence
  2423 | D:2      | Killed Terence
  2424 | D:2      | Reached XP level 5. HP: 18/36 MP: 5/5
  3104 | D:3      | Noticed Sigmund
  3122 | D:2      | Killed Sigmund
  3123 | D:2      | Reached skill level 7 in Fighting
  3123 | D:2      | Reached XP level 6. HP: 29/44 MP: 6/6
  3261 | D:3      | Noticed Robin
  3277 | D:3      | Killed Robin
  3304 | D:3      | Found a hide-covered altar of Uskayaw.
  3354 | D:3      | Found a broken altar of Ashenzari.
  3475 | D:3      | Noticed Natasha
  3487 | D:3      | Killed Natasha
  3492 | D:3      | Reached *** piety under Trog
  3703 | D:3      | Noticed Natasha
  3718 | D:3      | Killed Natasha
  4298 | D:3      | Noticed Natasha
  4309 | D:3      | Killed Natasha
  4310 | D:3      | Reached XP level 7. HP: 45/48 MP: 7/7
  4437 | D:3      | Reached skill level 8 in Fighting
  4904 | D:3      | Noticed Jessica
  4914 | D:3      | Killed Jessica
  5344 | D:3      | Found a runed translucent door.
  5347 | D:3      | Noticed Crazy Yiuf
  5353 | D:3      | Slain by Crazy Yiuf

Illustrated notes

Levels and vault maps discovered:
D:1:      dpeg_arrival_leaves_temple_mockup, layout_basic,
          dreamdust_ecumenical_altar_hidden_monk_grotto
D:2:      layout_basic, serial_curves, eino_curves_03, eino_curves_02,
          minmay_three_crescents, uniq_terence
D:3:      layout_loops_ring, nicolae_ashenzari_panopticon,
          overflow_temple_1_default, minmay_vboxes, uniq_robin,
          uniq_crazy_yiuf_cottage, uniq_natasha, uniq_jessica, uniq_sigmund

Skill      XL: |  1  2  3  4  5  6  7 |
---------------+----------------------+-----
Fighting       | 4 5 7 8 |  8.1
Long Blades    | |  2.5
Armour         | |  1.6
Dodging        | |  2.6

Action                   |  1- 3 |  4- 6 |  7- 9 || total
-------------------------+-------+-------+-------++-------
Melee: Falchion          |    13 |       |       ||    13
       Long sword        |    75 |   165 |    32 ||   272
       Punch             |     1 |     2 |       ||     3
  Use: Scroll            |     4 |       |       ||     4
 Stab: Sleeping          |     1 |     1 |       ||     2
Armor: Animal skin       |     2 |       |       ||     2
       Ring mail         |    38 |    10 |       ||    48
       Scale mail        |       |    44 |       ||    44
       Chain mail        |       |     5 |    22 ||    27
       Skin              |       |     1 |       ||     1
Dodge: Dodged            |   113 |   159 |    25 ||   297
